 Dungeon Crawl Stone Soup version 0.31-a0-963-ga325b2283a (webtiles) character file.

Game seed: 1945372720389479626

341 Sanktem7 the Chopper (level 6, -6/55 HPs)
             Began as a Minotaur Fighter on Oct 25, 2023.
             Mangled by an orc priest
             ... wielding a +0 war axe
              (9 damage)
             ... on level 4 of the Dungeon.
             The game lasted 00:03:21 (2298 turns).

Sanktem7 the Chopper (Minotaur Fighter)             Turns: 2298, Time: 00:03:22

Health: -6/55      AC:  6    Str: 22    XL:     6   Next: 30%
Magic:  5/5        EV: 15    Int:  5    God:
Gold:   225        SH:  4    Dex: 10    Spells: 5/5 levels left

rFire   + . .        a - +0 war axe {axe}
rCold   + . .        c - +0 buckler
rNeg    . . .        q - +0 ring mail "Cafal" {rC+}
rPois   .            (helmet restricted)
rElec   .            (no cloak)
rCorr   .            (no gloves)
SInv    .            (no boots)
Will    .....        (no amulet) Stlth
                     n - +5 ring of evasion
HPRegen 0.29/turn    j - ring of protection from fire
MPRegen 0.09/turn

%: no passive effects
@: no status effects
A: horns 2, retaliatory headbutt
a: no special abilities


You were on level 4 of the Dungeon.
You visited 1 branch of the dungeon, and saw 4 of its levels.

You collected 225 gold pieces.


Innate Abilities, Weirdness & Mutations

You have a pair of horns on your head.
You reflexively headbutt those who attack you in melee.


   Skills:
 + Level 4.9 Fighting
 * Level 5.2 Axes
 + Level 1.9 Throwing
 + Level 4.8 Armour
 + Level 4.8 Shields


You had 5 spell levels left.
You didn't know any spells.
Your spell library was empty.

Inventory:

Hand Weapons
 a - a +0 war axe (weapon) {axe}
Missiles
 f - 27 stones {throwing}
 g - 4 poisoned darts {throwing}
Armour
 c - a +0 buckler (worn)
 q - the +0 ring mail "Cafal" (worn) {rC+}
   (You found it on level 2 of the Dungeon)

   rC+:       It protects you from cold.
Jewellery
 j - a ring of protection from fire (right hand)
   (You found it on level 2 of the Dungeon)
 n - a +5 ring of evasion (left hand)
   (You took it off a goblin on level 2 of the Dungeon)
 t - a ring of protection from cold
   (You found it on level 3 of the Dungeon)
Wands
 r - a wand of flame (21)
   (You found it on level 2 of the Dungeon)
 y - a wand of mindburst (9)
   (You found it on level 3 of the Dungeon)
Scrolls
 i - 2 scrolls of blinking {unknown}
 l - 2 scrolls of amnesia {unknown}
 m - a scroll of teleportation {unknown}
 o - 2 scrolls of identify {unknown}
 u - a scroll of vulnerability {unknown}
 x - a scroll of enchant armour {unknown}
Potions
 d - a potion of might
 h - 3 potions of ambrosia {unknown}
 k - 2 potions of magic {unknown}
 p - a potion of mutation {unknown}
 s - a potion of heal wounds {unknown}
 v - 4 potions of curing {unknown}
 w - a potion of lignification {unknown}

Dungeon Overview and Level Annotations

Branches:
Dungeon (4/15) Zot: 21654
 Temple: D:4-7

Altars:
Kikubaaqudgha
Uskayaw
Zin

### #..
#..###.. .#
#......##
#..#.......###
...........#
.........#
#o{)...# #)@#
##.## #..#
##.# #.## ##.#
#.##
##.###########
#.##........##


You could see an orc priest.


Message History

You continue taking off your +0 scale mail. x4
You finish taking off your +0 scale mail.
You start putting on your armour.
You continue putting on the +0 ring mail "Cafal" {rC+}. x5
You finish putting on the +0 ring mail "Cafal" {rC+}.
You drop a +0 scale mail.
You remove your ring of protection from cold.
n - a +5 ring of evasion (left hand)
You drop a ring of protection from cold.
You drop a ring of protection from cold.
t - a ring of protection from cold Done exploring.
Done exploring.
There is an open translucent gate here.
You see here a ball python corpse.
There is a stone staircase leading down here.
You climb downwards.
Found 16 gold pieces.
Found a stone staircase leading up.
There is a stone staircase leading up here.
You now have 194 gold pieces (gained 16).
Found a hide-covered altar of Uskayaw.
You now have 212 gold pieces (gained 18).
You now have 225 gold pieces (gained 13).
Key pressed, stopping explore.
An orc priest comes into view. It is wielding a +0 war axe.
The orc priest shouts!
You hear a shout!
An orc wizard comes into view. It is wielding a +0 dagger.
The orc wizard gestures wildly while chanting.
The orc wizard flickers and vanishes!
Deactivating autopickup; reactivate with Ctrl-A.
You hear a shout! 2 orcs and an orc wizard come into view.
The orc shouts! x2; The orc wizard shouts!
The orc priest hits you with a +0 war axe.
You barely miss the orc priest.
You headbutt the orc priest, but do no damage.
The orc priest hits you with a +0 war axe!
You hit the orc wizard. You hit the orc priest.
The orc wizard hits you with a +0 dagger.
The orc priest calls down the wrath of Beogh upon you.
Pain shoots through your body!
You are too injured to fight recklessly!
You are too injured to fight recklessly!
You are too injured to fight recklessly! 😮 HP[-24]
You take 24 damage, and now have 31/55 hp.
MASSIVE DAMAGE!! (PAUSE) Unknown command.
You hit the orc priest. Your headbutt misses the orc priest.
You hit the orc wizard. The orc wizard misses you. The orc priest misses you.
You hit the orc priest.
You hit the orc wizard but do no damage.
The orc wizard hits you but does no damage.
The orc priest looks satisfied for a moment.
The orc wizard hits you with a +0 dagger. 😮 HP[-1]
You take 1 damage, and now have 30/55 hp.
You barely miss the orc. Your headbutt misses the orc. You hit the orc wizard.
The orc wizard points at you and mumbles some strange words.
The puff of flame misses you. The orc barely misses you.
You furiously retaliate!
You headbutt the orc!
You kill the orc!
The orc priest misses you. The orc wizard barely misses you.
You furiously retaliate!
You headbutt the orc wizard.
You kill the orc wizard!
Something hits you.
* * * LOW HITPOINT WARNING * * *
The orc misses you.
Things that are here:
a +0 hand axe {axe}; 6 stones {throwing}; an orc corpse 😨 HP[-4]
You take 4 damage, and now have 26/55 hp.
Unknown command.
You miss something. Your headbutt misses something.
You barely miss the orc priest. You slash the orc!
You kill the orc!
The orc priest barely misses you.
Something hits you but does no damage. 😨 HP[+1]
You slash something! Your headbutt misses something. You hit the orc priest.
You block the orc priest's attack.
You hear some strange, mumbled words.
Something tries to affect you, but you resist.
The orc priest invokes the aid of Beogh against you.
Beogh smites you!
* * * LOW HITPOINT WARNING * * *
Something hits you.
* * * LOW HITPOINT WARNING * * *
😱 HP[-18]
You take 18 damage, and now have 9/55 hp.
MASSIVE DAMAGE!! (PAUSE)
You barely miss something. You barely miss the orc priest.
You hear some strange, mumbled words.
Something tries to affect you, but you resist.
The orc priest hits you with a +0 war axe!
* * * LOW HITPOINT WARNING * * *
😱 HP[-7]
You take 7 damage, and now have 2/55 hp.
You miss something. You hit the orc priest.
The orc priest hits you with a +0 war axe!
You die...

Skill      XL: |  1  2  3  4  5 |
---------------+----------------+-----
Axes           | 3 4 5 |  5.2
Fighting       | 4 |  4.9
Armour         | 4 |  4.8
Shields        | 4 |  4.8
Throwing       | 1 |  1.9

Action                     |  1- 3 |  4- 6 || total
---------------------------+-------+-------++-------
  Melee: War axe           |    63 |    61 ||   124
         Headbutt          |     8 |     9 ||    17
 Armour: Scale mail        |    37 |    37 ||    74
         Ring mail         |       |    10 ||    10
  Dodge: Dodged            |    28 |    31 ||    59
  Block: Buckler           |    11 |    13 ||    24

Levels and vault maps discovered:
D:1:      heliophobic_arrival_enchanted_forest, layout_rooms,
          dreamdust_ecumenical_altar_drowned_temple
D:2:      kb_forest_paths, layout_basic, uniq_sigmund
D:3:      layout_rooms, lemuel_round_altar, mainiacjoe_overflow_alcove_1,
          gammafunk_ghost_split, kennysheep_generic_room_3
D:4:      cheibrodos_quashed, layout_cave_pods,
          mainiacjoe_overflow_small_starburst, dancing_weapons_uskayaw

Notes
Turn   | Place    | Note
-------+----------+-------------------------------------------
     0 | D:1      | Sanktem7 the Minotaur Fighter began the quest for the Orb.
     0 | D:1      | Reached XP level 1. HP: 19/19 MP: 0/0
     0 | D:1      | magus.rc [v1.9.6]
   114 | D:1      | Found a faded altar of an unknown god.
   341 | D:1      | Reached XP level 2. HP: 27/27 MP: 1/1
   515 | D:2      | Reached skill level 3 in Axes
   928 | D:2      | Reached skill level 4 in Fighting
   937 | D:2      | Reached skill level 4 in Armour
   937 | D:2      | Reached skill level 4 in Shields
   937 | D:2      | Reached XP level 3. HP: 26/33 MP: 2/2
  1074 | D:2      | Noticed Sigmund
  1084 | D:2      | Killed Sigmund
  1085 | D:2      | Reached skill level 4 in Axes
  1085 | D:2      | Reached skill level 1 in Throwing
  1085 | D:2      | Reached XP level 4. HP: 35/41 MP: 3/3
  1085 | D:2      | Reached XP level 5. HP: 40/47 MP: 4/4
  1183 | D:2      | Identified the +0 ring mail "Cafal" {rC+}
  1508 | D:3      | Found a glowing silver altar of Zin.
  1565 | D:3      | Found an ancient bone altar of Kikubaaqudgha.
  1630 | D:3      | Noticed croobank's ghost (amateur OpIE)
  1695 | D:3      | Found a runed translucent gate.
  1695 | D:3      | Found a runed translucent gate.
  1695 | D:3      | Found a runed translucent gate.
  2064 | D:3      | Killed croobank's ghost
  2065 | D:3      | Reached skill level 5 in Axes
  2065 | D:3      | Reached XP level 6. HP: 39/55 MP: 5/5
  2194 | D:4      | Found a hide-covered altar of Uskayaw.
  2197 | D:4      | Noticed a +0 hand axe
  2198 | D:4      | Noticed a +0 dagger
  2296 | D:4      | HP: 10/55 [orc priest/divine providence (17)]
  2297 | D:4      | HP: 2/55 [orc priest/+0 war axe (7)]
  2298 | D:4      | Mangled by an orc priest

Vanquished Creatures
  Sigmund (D:2)
  The ghost of croobank the Chiller, an amateur OpIE (D:3)
  An orc wizard (D:4)
  2 adders (D:2)
  A worm (D:2)
  2 dart slugs
  4 orcs
  5 bats
  3 endoplasms
  5 goblins
  3 hobgoblins
  4 kobolds
  2 quokkas
  7 ball pythons
  4 frilled lizards
  5 rats
  A spectral kobold (D:1)
51 creatures vanquished.

Table legend:
 A = Non-vault XP
 B = Vault XP
 C = Vault XP percentage of total XP
 D = Non-vault monster count
 E = Vault monster count
 F = Vault count percentage of total count
                 A         B        C        D         E       F
            +---------+---------+-------+---------+---------+-------
      Total |     114 |     374 |  76.6 |      37 |      14 |  27.5
            +---------+---------+-------+---------+---------+-------
        D:1 |      18 |       1 |   5.3 |      11 |       1 |   8.3
        D:2 |      38 |     265 |  87.5 |      15 |       7 |  31.8
        D:3 |      17 |     108 |  86.4 |       8 |       6 |  42.9
        D:4 |      41 |       0 |   0.0 |       3 |       0 |   0.0
            +---------+---------+-------+---------+---------+-------

Skill      XL: |  1  2  3  4  5 |
---------------+----------------+-----
Axes           | 3 4 5 |  5.2
Fighting       | 4 |  4.9
Armour         | 4 |  4.8
Shields        | 4 |  4.8
Throwing       | 1 |  1.9

Action                     |  1- 3 |  4- 6 || total
---------------------------+-------+-------++-------
  Melee: War axe           |    63 |    61 ||   124
         Headbutt          |     8 |     9 ||    17
 Armour: Scale mail        |    37 |    37 ||    74
         Ring mail         |       |    10 ||    10
  Dodge: Dodged            |    28 |    31 ||    59
  Block: Buckler           |    11 |    13 ||    24

Illustrated notes

Table legend:
 A = Kills in this place as a percentage of kills in the entire game.
 B = Kills by you in this place as a percentage of kills by you in the entire game.
 C = Kills by friends in this place as a percentage of kills by friends in the entire game.
 D = Other kills in this place as a percentage of other kills in the entire game.
 E = Experience gained in this place as a percentage of experience gained in the entire game.
 F = Experience gained in this place divided by the number of levels of this place that you have seen.
                   A       B       C       D       E      F
               +-------+-------+-------+-------+-------+----------------------
         Total | 100.0 | 100.0 |   N/A |   N/A | 100.0 | 122.0
       Dungeon | 100.0 | 100.0 |   N/A |   N/A | 100.0 | 122.0
               +-------+-------+-------+-------+-------+----------------------

Table legend: (Time is in decaauts)
 A = Elapsed time spent in this place.
 B = Non-inter-level travel time spent in this place.
 C = Inter-level travel time spent in this place.
 D = Time resting spent in this place.
 E = Time spent auto-exploring this place.
 F = Levels seen in this place.
 G = Mean time per level.
                   A        B        C        D        E       F      G
               +--------+--------+--------+--------+--------+-----+--------+
         Total |   2343 |   2284 |     59 |      0 |   1938 |   4 |  585.8 |
       Dungeon |   2343 |   2284 |     59 |      0 |   1938 |   4 |  585.8 |
               +--------+--------+--------+--------+--------+-----+--------+

Top non-repeatable levels by time:
     D:2: 1023 daAuts
     D:3: 692 daAuts
     D:1: 509 daAuts
     D:4: 118 daAuts
